 Dungeon Crawl Stone Soup version 0.30-a0-1074-g5db6f66fbb (webtiles) character file.

Game seed: 6842419279789218913

205 Dittersdorf the Trooper (level 5, 0/34 HPs)
             Began as a Gargoyle Fighter on Apr 13, 2023.
             Slain by a jackal (1 damage)
             ... on level 3 of the Dungeon.
             The game lasted 00:03:29 (2782 turns).

Dittersdorf the Trooper (Gargoyle Fighter)          Turns: 2782, Time: 00:03:30

Health: 0/34       AC: 12    Str: 27    XL:     5   Next: 83%
Magic:  5/5        EV:  9    Int:  9    God:
Gold:   100        SH:  4    Dex:  9    Spells: 4/4 levels left

rFire   . . .      SeeInvis .    s - +0 morningstar
rCold   . . .      Faith    .    c - +0 buckler
rNeg    + . .      Spirit   .    b - +0 scale mail
rPois   ∞          Reflect  .    (no helmet)
rElec   +          Rampage  .    l - +0 cloak
rCorr   .                        (no gloves)
Will    .....                    (no boots) Stlth
                                 (no amulet)
HPRegen 0.25/turn                f - +6 ring of strength
MPRegen 0.09/turn                (no ring)

@: no status effects
A: sickness immunity, AC +4, negative energy resistance 1, electricity
resistance, torment resistance 1, petrification resistance
a: no special abilities


You were on level 3 of the Dungeon.
You visited 1 branch of the dungeon, and saw 4 of its levels.

You collected 100 gold pieces.

Inventory:

Hand Weapons
 s - a +0 morningstar (weapon)
Missiles
 o - 6 poisoned darts (quivered)
Armour
 b - a +0 scale mail (worn)
 c - a +0 buckler (worn)
 l - a +0 cloak (worn)
Jewellery
 f - a +6 ring of strength (left hand)
Wands
 q - a wand of flame (9)
 t - a wand of digging (4)
Scrolls
 a - a scroll of torment {unknown}
 e - a scroll of magic mapping {unknown}
 g - 3 scrolls of immolation {unknown}
 i - a scroll of noise {unknown}
 j - 2 scrolls of enchant armour {unknown}
 m - 2 scrolls of butterflies {unknown}
 n - 4 scrolls of teleportation {unknown}
Potions
 d - a potion of might
 h - a potion of attraction {unknown}
 k - a potion of lignification {unknown}
 p - a potion of mutation {unknown}
 r - a potion of berserk rage {unknown}


   Skills:
 + Level 4.4 Fighting
 + Level 3.3 Maces & Flails
 + Level 4.4 Armour
 + Level 4.4 Shields


You had 4 spell levels left.
You didn't know any spells.
Your spell library was empty.

Dungeon Overview and Level Annotations

Branches:
Dungeon (4/15)
 Temple: D:4-7

Altars:
Qazlal
Wu Jian
Zin


Innate Abilities, Weirdness & Mutations

You are immune to sickness and miasma.
Your stone body is resilient. (AC +4)
You are immune to poison.
You resist negative energy. (rN+)
You are resistant to electric shocks. (rElec)
You are resistant to unholy torment.
You are immune to petrification.


Message History

The jackal closely misses you.
The jackal bites you but does no damage.
The scorpion closely misses you.
You closely miss the jackal.
The jackal is severely wounded.
The endoplasm closely misses you. You block the jackal's attack.
The jackal bites you but does no damage.
The jackal barely misses you. The scorpion misses you.
The jackal closely misses you. The endoplasm freezes you.
You are frozen.
* * * LOW HITPOINT WARNING * * *
The jackal completely misses you. The jackal barely misses you.
You barely miss the jackal.
The jackal is severely wounded.
The scorpion stings you but does no damage.
The jackal barely misses you. x3
The endoplasm freezes you.
You are frozen.
* * * LOW HITPOINT WARNING * * *
You block the scorpion's attack. The jackal barely misses you.
The jackal bites you but does no damage.
You thump the jackal!
You kill the jackal!
The jackal bites you but does no damage.
You block the endoplasm's attack. The scorpion closely misses you.
The jackal bites you but does no damage.
The jackal bites you.
* * * LOW HITPOINT WARNING * * *
The scorpion completely misses you. The endoplasm completely misses you.
You block the jackal's attack. The jackal closely misses you.
The scorpion stings you.
* * * LOW HITPOINT WARNING * * *
The jackal bites you but does no damage.
The endoplasm freezes you.
You are frozen.
* * * LOW HITPOINT WARNING * * *
You see here a ball python corpse.
The jackal bites you.
You die...

.......#######.#.#
#..........
.............#.#.###
#..........
.............#÷#...#
#..........
............)#.###.#
#.......... .........#####.#
#.# #####...... .......#..#
#.# #.# ####### .......##.##
#.# #.# .......##..###.###s#
>...............@h>#########
.......###.###.#.hJ........#
.......# #.###.#......(....#
#'###### #.....#...........#
#.# ####..#...........# #.#
#..#...........# #'####
#..#...........# .....#
##.............# .....#
#..##.#########


You could see a scorpion, an endoplasm and 2 jackals.

Vanquished Creatures
  Ijyb (D:3)
  An orc wizard (D:2)
  A gnoll (D:1)
  6 adders
  2 worms (D:2)
  3 dart slugs (D:1)
  2 orcs
  8 ball pythons
  4 endoplasms
  4 giant cockroaches
  5 goblins
  6 hobgoblins
  5 jackals
  A quokka (D:1)
  5 bats
  3 frilled lizards
  14 kobolds
  8 rats
79 creatures vanquished.

Vanquished Creatures (others)
  A ball python (D:3)
  4 toadstools (D:1)
5 creatures vanquished.

Grand Total: 84 creatures vanquished

Notes
Turn   | Place    | Note
-------+----------+-------------------------------------------
     0 | D:1      | Dittersdorf the Gargoyle Fighter began the quest for the
                  | Orb.
     0 | D:1      | Reached XP level 1. HP: 14/14 MP: 1/1
    26 | D:1      | Reached XP level 2. HP: 17/19 MP: 2/2
   126 | D:1      | Reached XP level 3. HP: 22/23 MP: 3/3
   745 | D:1      | Reached XP level 4. HP: 23/29 MP: 4/4
  1619 | D:3      | Found an ornate altar of the Wu Jian Council.
  1624 | D:3      | Reached XP level 5. HP: 33/33 MP: 5/5
  1785 | D:3      | Noticed Ijyb
  1803 | D:3      | Killed Ijyb
  2546 | D:3      | Found a glowing silver altar of Zin.
  2661 | D:3      | Found a stormy altar of Qazlal.
  2781 | D:3      | HP: 1/34 [frozen (2)]
  2782 | D:3      | Slain by a jackal

Illustrated notes

Levels and vault maps discovered:
D:1:      ldierk_walled_garden_2, layout_loops_ring
D:2:      layout_loops_corners, minmay_misc_feat_alley
D:3:      layout_basic, lemuel_round_altar, mainiacjoe_overflow_swirl, uniq_ijyb
D:4:      layout_rooms, minmay_bisected

Skill      XL: |  1  2  3  4 |
---------------+-------------+-----
Armour         | 4 |  4.4
Shields        | 4 |  4.4
Fighting       | 4 |  4.4
Maces & Flails | 3 |  3.3

Action                     |  1- 3 |  4- 6 || total
---------------------------+-------+-------++-------
  Melee: Flail             |    98 |   151 ||   249
         Morningstar       |       |    36 ||    36
 Armour: Scale mail        |    54 |   176 ||   230
  Dodge: Dodged            |    54 |   157 ||   211
  Block: Buckler           |    29 |    63 ||    92

Table legend: (Time is in decaauts)
 A = Elapsed time spent in this place.
 B = Non-inter-level travel time spent in this place.
 C = Inter-level travel time spent in this place.
 D = Time resting spent in this place.
 E = Time spent auto-exploring this place.
 F = Levels seen in this place.
 G = Mean time per level.
                   A        B        C        D        E       F      G
               +--------+--------+--------+--------+--------+-----+--------+
         Total |   2878 |   2732 |    146 |     80 |   1943 |   4 |  719.5 |
       Dungeon |   2878 |   2732 |    146 |     80 |   1943 |   4 |  719.5 |
               +--------+--------+--------+--------+--------+-----+--------+

Top non-repeatable levels by time:
     D:3: 1066 daAuts
     D:2: 1010 daAuts
     D:1: 792 daAuts
     D:4: 9 daAuts
